 Dungeon Crawl Stone Soup version 0.30.1-11-g7821555f0a (webtiles) character file.

Game seed: 17723365193522137202

735 Peloso the Slasher (level 7, -4/61 HPs)
             Began as a Minotaur Fighter on Dec 29, 2023.
             Splashed by a jelly's acid (9 damage)
             ... on level 5 of the Dungeon.
             The game lasted 00:07:34 (3554 turns).

Peloso the Slasher (Minotaur Fighter)               Turns: 3554, Time: 00:07:35

Health: -4/61      AC: -1    Str: 21    XL:     7   Next: 45%
Magic:  6/6        EV: 10    Int:  5    God:
Gold:   259        SH:  5    Dex: 11    Spells: 6/6 levels left

rFire   . . .        a - +0 double sword
rCold   . . .        d - +0 buckler
rNeg    . . .        t - +0 scale mail
rPois   .            (helmet restricted)
rElec   .            c - scarf {shadows}
rCorr   .            s - +0 pair of gloves
SInv    .            x - +0 pair of boots
Will    .....        (no amulet) Stlth
                     m - +4 ring of protection
HPRegen 0.30/turn    (no ring)
MPRegen 0.10/turn

%: no passive effects
@: corroded
A: horns 2, retaliatory headbutt
a: no special abilities


You were on level 5 of the Dungeon.
You visited 1 branch of the dungeon, and saw 5 of its levels.

You collected 259 gold pieces.

Inventory:

Hand Weapons
 a - a +0 double sword (weapon)
 b - a +0 long sword
Armour
 c - a scarf of shadows (worn)
 d - a +0 buckler (worn)
 s - a +0 pair of gloves (worn)
 t - a +0 scale mail (worn)
 x - a +0 pair of boots (worn)
Jewellery
 m - a +4 ring of protection (left hand)
 p - a ring of fire
Wands
 e - a wand of mindburst (4)
 B - a wand of roots (5)
Scrolls
 f - a scroll of brand weapon {unknown}
 g - 3 scrolls of vulnerability {unknown}
 h - a scroll of silence {unknown}
 i - 4 scrolls of amnesia {unknown}
 j - a scroll of blinking {unknown}
 n - 2 scrolls of teleportation {unknown}
 o - 3 scrolls of fear {unknown}
 q - 2 scrolls of fog {unknown}
 u - 4 scrolls of poison {unknown}
 y - a scroll of immolation {unknown}
Potions
 k - a potion of flight
 l - 2 potions of brilliance
 r - 2 potions of might
 w - 2 potions of curing
 z - a potion of magic
 A - 2 potions of mutation


   Skills:
 + Level 5.4 Fighting
 + Level 6.8 Long Blades
 + Level 5.5 Armour
 + Level 1.7 Dodging
 + Level 0.3 Stealth
 + Level 5.4 Shields


You had 6 spell levels left.
You didn't know any spells.
Your spell library contained the following spells:

 Spells                   Type           Power      Damage    Failure   Level
 Ozocubu's Armour         Ice            0%         N/A       99%         3
 Metabolic Englaciation   Hex/Ice        0%         N/A       100%        5
 Simulacrum               Ice/Necr       0%         N/A       100%        6


Dungeon Overview and Level Annotations

Branches:
Dungeon (5/15)
 Temple: D:4-7

Altars:


Innate Abilities, Weirdness & Mutations

You have a pair of horns on your head.
You reflexively headbutt those who attack you in melee.


Message History

You hit the jelly but do no damage.
Your hands burn!
* * * LOW HITPOINT WARNING * * *
The jelly is heavily wounded.
The jelly barely misses you.
You hit the jelly but do no damage.
Your hands burn!
* * * LOW HITPOINT WARNING * * *
The jelly is heavily wounded.
The jelly barely misses you. The jelly hits you.
* * * LOW HITPOINT WARNING * * *
The acid corrodes you!
You are splashed with acid!
* * * LOW HITPOINT WARNING * * *
You feel much better. The jelly barely misses you. You furiously retaliate!
You headbutt the jelly. You hit the jelly but do no damage.
The acid corrodes you!
Your hands burn!
The jelly is heavily wounded.
The jelly hits you but does no damage.
You hit the jelly but do no damage.
Your hands burn!
You headbutt the jelly, but do no damage.
The jelly is heavily wounded.
The jelly hits you but does no damage.
You hit the jelly but do no damage.
Your hands burn!
The jelly is heavily wounded.
The jelly hits you. The acid corrodes you!
You are splashed with acid!
* * * LOW HITPOINT WARNING * * *
You hit the jelly.
Your hands burn!
* * * LOW HITPOINT WARNING * * *
The jelly is almost dead.
The jelly hits you.
* * * LOW HITPOINT WARNING * * *
You are splashed with acid!
* * * LOW HITPOINT WARNING * * *
You feel better. You block the jelly's attack.
You hit the jelly but do no damage.
Your hands burn!
* * * LOW HITPOINT WARNING * * *
You headbutt the jelly, but do no damage.
The jelly is almost dead.
The jelly closely misses you. The jelly hits you.
* * * LOW HITPOINT WARNING * * *
You are splashed with acid!
You die...

#..#....###...##...
#.......#......+...
##.#.####......##.)
#.#.####.......#..
####.#.##.+.......###
#.........#.......#..
#.##.#..###.)....##..
#.#..# #......+...
#@#..# ###...##...
#..J#..#####'#.#....
#.#..........#####..
#......####.#..# #+#
# #.##. #.#.## #
.###.####>#.+ #
#.......## ######..#
#######..#


You could see a jelly.

Vanquished Creatures
  A black bear (D:4)
  A phantom (D:5)
  2 scorpions (D:5)
  A howler monkey (D:5)
  3 hounds
  An orc priest (D:5)
  A jelly (D:4)
  An iguana (D:5)
  2 orc wizards
  A gnoll (D:1)
  5 adders
  2 shadow imps (D:5)
  4 worms
  3 dart slugs
  11 orcs
  7 bats
  3 endoplasms
  A giant cockroach (D:1)
  8 goblins
  6 hobgoblins
  5 quokkas
  8 ball pythons
  3 frilled lizards
  9 kobolds
  2 rats
91 creatures vanquished.

Notes
Turn   | Place    | Note
-------+----------+-------------------------------------------
     0 | D:1      | Peloso the Minotaur Fighter began the quest for the Orb.
     0 | D:1      | Reached XP level 1. HP: 19/19 MP: 0/0
    65 | D:1      | Found a faded altar of an unknown god.
   153 | D:1      | Reached XP level 2. HP: 20/27 MP: 1/1
   271 | D:1      | Reached XP level 3. HP: 10/33 MP: 2/2
   899 | D:2      | Reached skill level 3 in Long Blades
  1017 | D:2      | Identified the +8 spear of Pyromania {holy, Int+4}
  1078 | D:2      | Reached XP level 4. HP: 14/40 MP: 3/3
  2188 | D:4      | Reached skill level 4 in Long Blades
  2237 | D:4      | Reached XP level 5. HP: 47/47 MP: 4/4
  2292 | D:4      | Reached skill level 5 in Long Blades
  2478 | D:4      | Noticed a black bear
  2488 | D:4      | Killed a black bear
  2489 | D:4      | Reached skill level 5 in Armour
  2489 | D:4      | Reached XP level 6. HP: 38/53 MP: 5/5
  2696 | D:4      | Reached skill level 1 in Dodging
  2765 | D:5      | Entered Level 5 of the Dungeon
  2835 | D:5      | Reached skill level 6 in Long Blades
  2915 | D:5      | Reached skill level 5 in Shields
  2927 | D:5      | Reached XP level 7. HP: 54/60 MP: 6/6
  2961 | D:5      | Reached skill level 5 in Fighting
  3554 | D:5      | Splashed by a jelly's acid

Illustrated notes

Levels and vault maps discovered:
D:1:      erik_arrival_triangle_small, layout_basic,
          hellmonk_ecumenical_altar_lost_god
D:2:      layout_rooms, hangedman_abyss_or_decor_lesser_grid
D:3:      layout_basic
D:4:      layout_rooms
D:5:      nicolae_cairo_tiling_very_big, layout_loops_ring

Skill      XL: |  1  2  3  4  5  6  7 |
---------------+----------------------+-----
Armour         | 4 5 |  5.5
Fighting       | 4 5 |  5.4
Shields        | 4 5 |  5.4
Long Blades    | 3 4 5 6 |  6.8
Dodging        | 1 |  1.7
Stealth        | |  0.3

Action                     |  1- 3 |  4- 6 |  7- 9 || total
---------------------------+-------+-------+-------++-------
  Melee: Long sword        |    89 |    40 |       ||   129
         Headbutt          |    22 |    18 |     7 ||    47
         Double sword      |       |    86 |    50 ||   136
    Use: Potion            |     5 |     1 |     2 ||     8
         Scroll            |       |     3 |     1 ||     4
 Armour: Scale mail        |    42 |    85 |    26 ||   153
  Dodge: Dodged            |    42 |    55 |    18 ||   115
  Block: Buckler           |    27 |    34 |     9 ||    70
